 Dungeon Crawl Stone Soup version 0.27-a0-343-gfcad680f63 (webtiles) character file.

Game seed: 9011692046768582043

72 dickylongcocking the Stinger (level 4, -1/29 HPs)
             Began as an Octopode Venom Mage on Feb 14, 2021.
             Slain by a vampire bat (2 damage)
             ... on level 2 of the Dungeon.
             The game lasted 00:02:47 (2242 turns).

dickylongcocking the Stinger (Octopode Venom Mage)  Turns: 2242, Time: 00:02:48

Health: -1/29      AC:  1    Str:  7      XL:     4   Next: 26%
Magic:  8/8        EV: 13    Int: 18      God:
Gold:   59         SH:  0    Dex: 11 (12) Spells: 2/8 levels left

rFire    . . .     SeeInvis .   a - +0 dagger
rCold    . . .     Faith    .   (no shield)
rNeg     . . .     Spirit   .   (helmet restricted)
rPois    .         Reflect  .   (no amulet)
rElec    .         Harm     .   e - ring of flight
rCorr    .         Rampage  .   (no ring)
Will     .....                  (no ring)
Stlth    +++.......             (no ring)
HPRegen  0.09/turn              (no ring)
MPRegen  0.11/turn              (no ring)
                                (no ring)
                                (no ring)

@: no status effects
A: almost no armour, stealthy swim, amphibious, 8 rings, constrict 8, camouflage
1, blink, deterioration 1, robust 1, gelatinous body 1
a: Blink, Evoke Flight


You were on level 2 of the Dungeon.
You visited 1 branch of the dungeon, and saw 2 of its levels.

You collected 59 gold pieces.

Inventory:

Hand Weapons
 a - a +0 dagger (weapon)
Jewellery
 e - a ring of flight (left tentacle)
Scrolls
 b - a scroll of fear {unknown}
 d - a scroll of fog {unknown}
 f - 2 scrolls of immolation {unknown}
 g - a scroll of noise {unknown}
 i - a scroll of enchant weapon {unknown}
Potions
 h - a potion of might


   Skills:
 - Level 2.0 Dodging
 - Level 2.6 Stealth
 * Level 2.8 Spellcasting
 * Level 2.3 Transmutations
 * Level 4.5 Poison Magic


You had 2 spell levels left.
You knew the following spells:

 Your Spells              Type           Power        Failure   Level
a - Sting                 Tmut/Pois      60%          4%          1
i - Ignite Poison         Fire/Tmut/Pois 10%          19%         3
p - Poisonous Vapours     Pois/Air       20%          10%         2

Your spell library contained the following spells:

 Spells                   Type           Power        Failure   Level
 Mephitic Cloud           Conj/Pois/Air  8%           26%         3
 Olgreb's Toxic Radiance  Pois           19%          26%         4


Dungeon Overview and Level Annotations

Branches:
Dungeon (2/15)

Altars:


Innate Abilities, Weirdness & Mutations

You cannot wear most types of armour.
You are very stealthy in the water. (Stealth+)
You are amphibious.
You can wear up to eight rings at the same time.
You can use your tentacles to constrict eight enemies at once.
Your skin changes colour to match your surroundings (Stealth+).
Your rubbery body absorbs attacks. (AC +1, EV +1)
You can translocate small distances at will.
Your body sometimes deteriorates upon taking damage.
You are robust. (+10% HP)


Message History

Okay, then.
You hit the vampire bat but do no damage.
You grab the vampire bat.
The vampire bat is moderately damaged.
You constrict the vampire bat. The vampire bat misses you.
The vampire bat bites you.
* * * LOW HITPOINT WARNING * * *
The vampire bat draws strength from your injuries!
The vampire bat bites you.
* * * LOW HITPOINT WARNING * * *
The vampire bat draws strength from your injuries!
The vampire bat struggles to escape constriction.
Unknown command.
Unknown command.
You hit the vampire bat.
The vampire bat is heavily damaged.
You constrict the vampire bat. The vampire bat barely misses you.
The vampire bat bites you.
* * * LOW HITPOINT WARNING * * *
The vampire bat draws strength from your injuries!
The vampire bat struggles to escape constriction.
The vampire bat escapes!
Unknown command.
Unknown command.
You closely miss the vampire bat. Your grab misses the vampire bat.
The vampire bat is heavily damaged.
The vampire bat barely misses you. The vampire bat closely misses you.
Unknown command.
Unknown command.
You barely miss the vampire bat. You grab the vampire bat.
You constrict the vampire bat. The vampire bat closely misses you.
The vampire bat struggles to escape constriction.
The vampire bat barely misses you. The vampire bat bites you.
* * * LOW HITPOINT WARNING * * *
The vampire bat draws strength from your injuries!
Unknown command.
Unknown command.
You release your grip on the vampire bat.
The vampire bat bites you.
You die...

#.#####.##...##.#
#.## #.####.....
#.(####.# #####.
##...##.# #.
##'''#### ##
##.....## #
##.⌠.#.⌠.## #
#.#b#.#.#.#
#.@#b⌠.#..#
#.#.#.#.#.#
##.⌠b#†⌠.##
#.#.#.#.#.#
#.⌠.#.⌠.#.⌠.
##.#.#.#.#.#
#.#.⌠.# ⌠.#.#
##.# # #.## #.⌠


You could see 2 vampire bats.

Vanquished Creatures
  3 adders (D:2)
  A worm (D:2)
  A leopard gecko (D:1)
  6 bats
  A bat skeleton (D:2)
  3 bat zombies (D:2)
  3 giant cockroaches (D:1)
  4 goblins
  4 hobgoblins
  A ball python (D:1)
  9 kobolds
  3 rats (D:1)
39 creatures vanquished.

Notes
Turn   | Place    | Note
-------+----------+-------------------------------------------
     0 | D:1      | dickylongcocking the Octopode Venom Mage began the quest
                  | for the Orb.
     0 | D:1      | Reached XP level 1. HP: 11/11 MP: 3/3
   186 | D:1      | Reached XP level 2. HP: 8/17 MP: 0/5
   489 | D:1      | Reached skill level 4 in Poison Magic
   946 | D:1      | Reached XP level 3. HP: 20/21 MP: 4/6
  1584 | D:2      | Learned a level 3 spell: Ignite Poison
  1853 | D:2      | Learned a level 2 spell: Poisonous Vapours
  1886 | D:2      | Reached XP level 4. HP: 19/27 MP: 0/8
  1932 | D:2      | Gained mutation: You are robust. (+10% HP) [potion of
                  | mutation]
  1932 | D:2      | Gained mutation: Your body sometimes deteriorates upon
                  | taking damage. [potion of mutation]
  1932 | D:2      | Gained mutation: You can translocate small distances at
                  | will. [potion of mutation]
  2241 | D:2      | HP: 1/29 [vampire bat (1)]
  2242 | D:2      | Slain by a vampire bat

Illustrated notes

Levels and vault maps discovered:
D:1:      wander_arrival_fairy_ring, layout_basic
D:2:      layout_rooms, kennysheep_vampire_church

Skill      XL: |  1  2  3 |
---------------+----------+-----
Poison Magic   | 4 |  4.5
Transmutations | 2 |  2.3
Dodging        | |  2.0
Stealth        | |  2.6
Spellcasting   | |  2.8

Action                   |  1- 3 |  4- 6 || total
-------------------------+-------+-------++-------
Melee: Dagger            |    47 |    22 ||    69
       Constrict         |    15 |     8 ||    23
       Unarmed           |     1 |       ||     1
       Tentacles         |    11 |     5 ||    16
 Cast: Sting             |    24 |       ||    24
       Poisonous Vapours |     2 |       ||     2
       Ignite Poison     |     1 |       ||     1
  Use: Potion            |       |     2 ||     2
 Stab: Sleeping          |     4 |       ||     4
Armor: Skin              |     7 |    19 ||    26
Dodge: Dodged            |    39 |    76 ||   115

Table legend: (Time is in decaauts)
 A = Elapsed time spent in this place.
 B = Non-inter-level travel time spent in this place.
 C = Inter-level travel time spent in this place.
 D = Time resting spent in this place.
 E = Time spent auto-exploring this place.
 F = Levels seen in this place.
 G = Mean time per level.
                   A        B        C        D        E       F      G
               +--------+--------+--------+--------+--------+-----+--------+
         Total |   2240 |   2239 |      1 |    545 |   1364 |   2 | 1120.0 |
       Dungeon |   2240 |   2239 |      1 |    545 |   1364 |   2 | 1120.0 |
               +--------+--------+--------+--------+--------+-----+--------+

Top non-repeatable levels by time:
     D:1: 1435 daAuts
     D:2: 805 daAuts
